 Dungeon Crawl Stone Soup version 0.30-a0-626-gd6a5dd7a1f (console) character file.

Game seed: 15840306920721884990

214 Ignak the Ogre Mage (level 5, 0/50 HPs)
             Began as an Ogre Hedge Wizard on Jan 11, 2023.
             Slain by a gnoll
             ... wielding a +0 flail
             ... led by a gnoll bouda
              (3 damage)
             ... on level 4 of the Dungeon.
             The game lasted 00:08:43 (3265 turns).

Ignak the Ogre Mage (Ogre Hedge Wizard)             Turns: 3265, Time: 00:08:44

Health: 0/50       AC:  4    Str: 20    XL:     5   Next: 91%
Magic:  12/19      EV:  9    Int: 15    God:
Gold:   195        SH:  0    Dex:  6    Spells: 2/11 levels left

rFire   . . .      SeeInvis .    n - +10 whip {heavy, rElec MP+9 Str+4 Dex-2}
rCold   . . .      Faith    .    (no shield)
rNeg    + . .      Spirit   .    p - +1 robe {rN+}
rPois   .          Reflect  .    c - +0 hat
rElec   +          Harm     .    (no cloak)
rCorr   .          Rampage  .    (gloves unavailable)
Will    .....                    (boots unavailable)
Stlth   +                        (no amulet)
HPRegen 0.28/turn                (no ring)
MPRegen 0.16/turn                (no ring)

@: weak-willed, weakened, freezing walls, on blink cooldown, very slightly
contaminated
A: large, unfitting armour, tough skin 1
a: no special abilities


You were on level 4 of the Dungeon.
You visited 1 branch of the dungeon, and saw 4 of its levels.

You collected 195 gold pieces.

Inventory:

Hand Weapons
 h - a +1 hand axe of freezing
 n - the +10 whip of Tyof (weapon) {heavy, rElec MP+9 Str+4 Dex-2}
   (You found it on level 2 of the Dungeon)

   Str:       It affects your strength (+4).
   Dex:       It affects your dexterity (-2).
   rElec:     It insulates you from electricity.
   MP:        It affects your magic capacity (+9).
Missiles
 j - 7 poisoned darts (quivered)
Armour
 c - a +0 hat (worn)
 p - a +1 robe of positive energy (worn)
Scrolls
 f - a scroll of immolation {unknown}
 g - 3 scrolls of fear {unknown}
 i - a scroll of enchant weapon {unknown}
 o - a scroll of blinking {unknown}
 q - 2 scrolls of identify {unknown}
 r - a scroll of fog {unknown}
 u - a scroll of teleportation {unknown}
Potions
 a - a potion of degeneration {unknown}
 b - a potion of resistance {unknown}
 d - a potion of magic
 e - a potion of lignification {unknown}
 k - a potion of attraction {unknown}
 m - a potion of brilliance {unknown}
 s - a potion of heal wounds {unknown}
 t - a potion of curing {unknown}


   Skills:
 * Level 2.5 Fighting
 - Level 0.4(1.0) Axes
 * Level 1.3 Maces & Flails
 + Level 0.7 Armour
 + Level 2.4 Dodging
 - Level 1.5 Stealth
 - Level 1.0 Unarmed Combat
 + Level 3.9 Spellcasting
 + Level 1.5 Conjurations
 - Level 1.2 Summonings
 + Level 1.7 Translocations
 + Level 0.8 Ice Magic
 + Level 0.6 Air Magic
 + Level 0.9 Poison Magic


You had 2 spell levels left.
You knew the following spells:

 Your Spells              Type           Power      Damage    Failure   Level
a - Magic Dart            Conj           28%        1d4       10%         1
b - Blink                 Tloc           16%        N/A       14%         2
d - Mephitic Cloud        Conj/Pois/Air  6%         N/A       34%         3
e - Frozen Ramparts       Ice            10%        1d2       36%         3

Your spell library contained the following spells:

 Spells                   Type           Power      Damage    Failure   Level
 Freeze                   Ice            20%        1d4       13%         1
 Call Imp                 Summ           6%         N/A       16%         2
 Slow                     Hex            8%         N/A       19%         1
 Cigotuvi's Dreadful Rot  Necr/Pois/Air  8%         N/A       22%         2
 Hailstorm                Conj/Ice       6%         3d4       32%         3
 Summon Lightning Spire   Summ/Air       5%         N/A       77%         4
 Airstrike                Air            2%         2d(1-17)  80%         4
 Lightning Bolt           Conj/Air       3%         1d14      97%         5


Dungeon Overview and Level Annotations

Branches:
Dungeon (4/15)
 Temple: D:4-7

Altars:
Elyvilon
Uskayaw


Innate Abilities, Weirdness & Mutations

You are too large for most types of armour.
You have tough skin. (AC +1)


Message History

Casting: Frozen Ramparts (quite dangerous; 36% risk of failure)
Confirm with . or Enter, or press ? or * to list all spells.
Okay, then.
Unknown command.
Casting: Frozen Ramparts (quite dangerous; 36% risk of failure)
Confirm with . or Enter, or press ? or * to list all spells.
You miscast Blink.
You are very lightly contaminated with residual magic.
Nothing appears to happen.
The gnoll hits you with a +0 flail. The gnoll hits you with a +0 whip.
Casting: Blink (safe; 14% risk of failure)
Confirm with . or Enter, or press ? or * to list all spells.
You blink.
The gnoll attacks as you move away! The gnoll hits you with a +0 flail.
The gnoll attacks as you move away! The gnoll hits you with a +0 whip.
* * * LOW HITPOINT WARNING * * *
The gnoll barely misses you.
Casting: Blink (safe; 14% risk of failure)
Confirm with . or Enter, or press ? or * to list all spells.
The spell is quite dangerous to miscast (36% risk of failure)!
Continue anyway?
Casting: Frozen Ramparts (quite dangerous; 36% risk of failure)
Press: ? - help, Dir - look around, f - activate The walls around you are covered in ice.
The wall freezes the gnoll but does no damage.
The gnoll bouda gazes fiercely through you!
You feel your attacks grow feeble.
The wall freezes the gnoll.
The gnoll hits you with a +0 whip.
* * * LOW HITPOINT WARNING * * *
The gnoll hits you with a +0 whip.
* * * LOW HITPOINT WARNING * * *
The wall freezes the gnoll.
Okay, then.
Okay, then.
Press: ? - help, v - describe, . - travel
Here: a gnoll, wielding a +0 whip (lightly wounded, covering ground quickly)
The floor.
As you read the scroll labelled EPTACV ZATTO, it crumbles to dust.
Magic quickly surges around you.
It was a scroll of vulnerability.
The wall freezes the gnoll.
The gnoll hits you with a +0 flail.
You die...

###'###..###.....#
......#....#.....#
......#....#.....#
......#....#.....# #
.....<#....#.....# ##8##
......#....#.†...##8...8
......#....#..sgg##.....
......#....#..ggg#_.....
##...###'###...g@##.....
#........####8...8 ####
#........# #8## #..#
#........# ##########..#
#........# #.....#.....#
#........# #.....###'###
###......# #.....#...#..
#......# +.....'...#..
#......# #.....#<..#..


You could see a gnoll bouda (weak-willed), a scorpion (weak-willed) and 5
gnolls.

Vanquished Creatures
  An orc priest (D:4)
  Jessica (D:2)
  3 gnolls (D:3)
  3 adders
  3 worms
  2 dart slugs
  7 orcs
  6 bats
  10 endoplasms
  3 giant cockroaches
  4 goblins
  3 hobgoblins
  6 jackals
  7 quokkas
  4 ball pythons
  3 frilled lizards
  11 kobolds
  5 rats
82 creatures vanquished.

Notes
Turn   | Place    | Note
-------+----------+-------------------------------------------
     0 | D:1      | Ignak the Ogre Hedge Wizard began the quest for the Orb.
     0 | D:1      | Reached XP level 1. HP: 16/16 MP: 5/5
    52 | D:1      | Reached skill level 1 in Summonings
    93 | D:1      | Reached skill level 1 in Conjurations
    93 | D:1      | Reached skill level 1 in Translocations
   153 | D:1      | Reached XP level 2. HP: 14/24 MP: 0/6
   768 | D:1      | Reached XP level 3. HP: 26/32 MP: 8/8
   783 | D:1      | Learned a level 2 spell: Blink
   855 | D:1      | Learned a level 3 spell: Mephitic Cloud
  1279 | D:2      | Identified the +10 whip of Tyof {heavy, rElec MP+9 Str+4
                  | Dex-2}
  1432 | D:2      | Learned a level 3 spell: Frozen Ramparts
  1471 | D:2      | Reached skill level 1 in Fighting
  1617 | D:2      | You fall into a shaft and drop 1 floor!
  1788 | D:2      | Noticed Jessica
  1798 | D:2      | Killed Jessica
  1799 | D:2      | Reached XP level 4. HP: 26/42 MP: 9/9
  1990 | D:2      | Identified the +0 chain mail "Nicei" {rElec rCorr}
  2358 | D:3      | Reached XP level 5. HP: 48/49 MP: 10/10
  2489 | D:3      | Reached skill level 1 in Maces & Flails
  2544 | D:3      | Found a white marble altar of Elyvilon.
  2939 | D:4      | Reached skill level 1 in Unarmed Combat
  3252 | D:4      | Found a hide-covered altar of Uskayaw.
  3264 | D:4      | HP: 2/50 [gnoll/+0 whip[a gnoll bouda] (4)]
  3265 | D:4      | Slain by a gnoll

Illustrated notes

Levels and vault maps discovered:
D:1:      dpeg_arrival_stonehenge_8_columns, layout_basic, serial_park_tiny_1
D:2:      minmay_alternating_diamond, layout_basic, columned_hall_lemuel,
          glass_columns_c, minmay_pentomino_p2, uniq_jessica
D:3:      layout_loops_ring, elyvilon_altar_1
D:4:      layout_gridville, nicolae_overflow_hidden_temple, serial_park_tiny_1,
          serial_bayou_crossing

Skill      XL: |  1  2  3  4  5 |
---------------+----------------+-----
Summonings     | 1 |  1.2
Conjurations   | 1 |  1.5
Translocations | 1 |  1.7
Dodging        | 2 |  2.4
Fighting       | 1 2 |  2.5
Maces & Flails | 1 |  1.3
Unarmed Combat | 1 |  1.0
Axes           | |  0.4
Armour         | |  0.7
Stealth        | |  1.5
Spellcasting   | |  3.9
Ice Magic      | |  0.8
Air Magic      | |  0.6
Poison Magic   | |  0.9

Action                   |  1- 3 |  4- 6 || total
-------------------------+-------+-------++-------
Melee: Dagger            |    20 |       ||    20
       Hand axe          |    71 |       ||    71
       Whip              |    16 |    67 ||    83
 Cast: Magic Dart        |     7 |       ||     7
       Blink             |     1 |     1 ||     2
       Frozen Ramparts   |       |     2 ||     2
       Mephitic Cloud    |       |     1 ||     1
  Use: Scroll            |       |     1 ||     1
 Stab: Sleeping          |     2 |       ||     2
Armor: Robe              |    45 |    33 ||    78
Dodge: Dodged            |    69 |    27 ||    96

Table legend: (Time is in decaauts)
 A = Elapsed time spent in this place.
 B = Non-inter-level travel time spent in this place.
 C = Inter-level travel time spent in this place.
 D = Time resting spent in this place.
 E = Time spent auto-exploring this place.
 F = Levels seen in this place.
 G = Mean time per level.
                   A        B        C        D        E       F      G
               +--------+--------+--------+--------+--------+-----+--------+
         Total |   3331 |   3301 |     30 |    364 |   2062 |   4 |  832.8 |
       Dungeon |   3331 |   3301 |     30 |    364 |   2062 |   4 |  832.8 |
               +--------+--------+--------+--------+--------+-----+--------+

Top non-repeatable levels by time:
     D:1: 1122 daAuts
     D:2: 1081 daAuts
     D:3: 698 daAuts
     D:4: 429 daAuts
